 Dungeon Crawl Stone Soup version 0.17-a0-854-g4a4ba72 (webtiles) character file.

762 FedoraBrony69 the Ruffian (level 7, -3/71 HPs)
             Began as a Troll Monk on Apr 28, 2015.
             Killed from afar by Dowan (21 damage)
             ... with a shard of ice
             ... on level 5 of the Dungeon.
             The game lasted 00:06:02 (3367 turns).

FedoraBrony69 the Ruffian (Troll Monk)              Turns: 3367, Time: 00:06:02

Health: -3/71      AC:  6    Str: 22    XL:     7   Next: 51%
Magic:  6/6        EV: 11    Int:  6    God:
Gold:   245        SH:  0    Dex: 12    Spells: 0 memorised, 6 levels left

rFire  + . .     SeeInvis .       - Unarmed
rCold  . . .     Clarity  .     a - +0 robe
rNeg   . . .     SustAb   .     (no shield)
rPois  .         Gourm    +     (helmet restricted)
rElec  .         Spirit   .     m - +0 cloak
rCorr  .         Warding  .     (gloves unavailable)
rMut   .         Stasis   .     (boots unavailable)
MR     .....                    (no amulet)
Stlth  +.........               (no ring)
                                g - ring of protection from fire

@: drained, not resistant to hostile enchantments, very unstealthy
A: unfitting armour, claws 3, fast metabolism 3, gourmand, regeneration 2,
shaggy fur 1, tough skin 2
a: no special abilities


You were on level 5 of the Dungeon.
You were not hungry.

You visited 1 branch of the dungeon, and saw 6 of its levels.

You collected 245 gold pieces.

Inventory:

Armour
 a - a +0 robe (worn)
 m - a +0 cloak (worn)
Jewellery
 g - a ring of protection from fire (left claw)
Magical devices
 i - a wand of flame (14)
 n - a wand of teleportation (2)
 p - a wand of random effects (25)
 q - a wand of magic darts (28)
Scrolls
 c - a scroll of identify {unknown}
 e - a scroll of immolation {unknown}
 h - a scroll of remove curse {unknown}
 j - a scroll of recharging {unknown}
Potions
 d - a potion of curing {unknown}
 f - a potion of invisibility {unknown}
 k - a potion of flight {unknown}
 o - a potion of poison {unknown}
Comestibles
 b - 4 bread rations
 l - a meat ration
 s - a beef jerky


   Skills:
 + Level 4.8(4.5) Fighting
 + Level 4.6(4.2) Dodging
 - Level 1.1(0.8) Stealth
 + Level 6.2(5.8) Unarmed Combat


You had 6 spell levels left.
You didn't know any spells.

Dungeon Overview and Level Annotations

Branches:
Dungeon (6/15)
 Temple: D:4-7

Altars:
Kikubaaqudgha
Okawaru
Qazlal

Annotations:
D:5 Dowan


Innate Abilities, Weirdness & Mutations

You are too large for most types of armour.
You have claws for hands.
Your metabolism is lightning-fast.
You like to eat raw meat.
You heal very quickly.
You are covered in fur (AC +1).
You have very tough skin (AC +2).


Message History

You closely miss Dowan.
Dowan casts a spell.
Dowan blinks!
Dowan points at you and mumbles some strange words.
The stone arrow hits you! Dowan gestures at you while chanting.
The shard of ice hits you!
* * * LOW HITPOINT WARNING * * *
You are too injured to fight recklessly!
You are too injured to fight recklessly!
You are too injured to fight recklessly!
You are too injured to fight recklessly!
You are too injured to fight recklessly!
Unknown command.
You claw Dowan!
Dowan begins to bleed from his wounds!
Dowan is heavily wounded.
Dowan hits you but does no damage. Dowan casts a spell at you.
The shard of ice hits you!
You die...

.......####....#
...............#
.......####....#
≈≈≈≈≈≈≈# #....##
###########.....#
...............###
#######..........###
##..........)####
#.......e@......#
##........##......#
##...##...#####....#
##..#####..# #...#
##..## #..# ..##
##..## #.## .# #.>##
# . #..## ....


You could see Dowan (bleeding).

Vanquished Creatures
  Grinder (D:5)
  Duvessa (D:5)
  A centaur skeleton (D:4)
  2 orc priests (D:3)
  Ijyb (D:2)
  2 worker ants (D:4)
  A hound (D:3)
  2 orc wizards (D:6)
  A hound skeleton (D:4)
  3 adders
  8 gnolls (D:4)
  A shadow imp (D:5)
  An ooze (D:1)
  2 worms (D:3)
  A giant gecko (D:3)
  14 orcs
  4 bats
  A bat skeleton (D:4)
  A bat zombie (D:5)
  5 goblins (D:3)
  2 hobgoblins
  2 quokkas
  A ball python (D:3)
  3 giant cockroaches
  A giant newt (D:2)
  10 jackals
  7 kobolds
  6 rats
  3 rat zombies (D:5)
88 creatures vanquished.

Notes
Turn   | Place    | Note
--------------------------------------------------------------
     0 | D:1      | FedoraBrony69, the Troll Monk, began the quest for the Orb.
     0 | D:1      | Reached XP level 1. HP: 22/22 MP: 0/0
   113 | D:1      | You fall through a shaft!
   127 | D:2      | Reached XP level 2. HP: 29/29 MP: 1/1
   441 | D:2      | Noticed Ijyb
   446 | D:2      | Killed Ijyb
   446 | D:2      | Reached XP level 3. HP: 32/37 MP: 2/2
   655 | D:3      | Reached XP level 4. HP: 13/45 MP: 3/3
   898 | D:3      | Reached XP level 5. HP: 53/53 MP: 4/4
  2116 | D:4      | You fall through a shaft for 2 floors!
  2127 | D:6      | Reached skill level 5 in Unarmed Combat
  2168 | D:5      | Entered Level 5 of the Dungeon
  2169 | D:5      | Reached XP level 6. HP: 62/62 MP: 5/5
  2202 | D:5      | Found an ancient bone altar of Kikubaaqudgha.
  2291 | D:4      | Found a stormy altar of Qazlal.
  2322 | D:4      | Found an iron altar of Okawaru.
  3242 | D:5      | Noticed Grinder
  3243 | D:5      | Paralysed by Grinder for 4 turns
  3265 | D:5      | Killed Grinder
  3265 | D:5      | Reached skill level 6 in Unarmed Combat
  3265 | D:5      | Reached XP level 7. HP: 38/71 MP: 6/6
  3352 | D:5      | Noticed Duvessa
  3352 | D:5      | Noticed Dowan
  3362 | D:5      | Killed Duvessa
  3367 | D:5      | Killed from afar by Dowan

Action                   |  1- 3 |  4- 6 |  7- 9 || total
-------------------------+-------+-------+-------++-------
Melee: Unarmed           |    48 |   198 |    11 ||   257
 Stab: Sleeping          |     1 |     2 |       ||     3
       Distracted        |       |     1 |       ||     1
  Eat: Chunk             |     6 |    25 |       ||    31
